 Dungeon Crawl Stone Soup version 0.29-a0-973-gac7da5f7f0 (webtiles) character file.

Game seed: 16838965833362513821

121 gelatine the Shield-Bearer (level 5, -1/33 HPs)
             Began as a Gargoyle Fighter on July 31, 2022.
             Splashed by a jelly's acid (7 damage)
             ... on level 2 of the Dungeon.
             The game lasted 00:06:09 (2528 turns).

gelatine the Shield-Bearer (Gargoyle Fighter)       Turns: 2528, Time: 00:06:10

Health: -1/33      AC:  7    Str: 21    XL:     5   Next: 5%
Magic:  5/5        EV:  9    Int:  9    God:
Gold:   87         SH:  4    Dex:  9    Spells: 4/4 levels left

rFire   . . .      SeeInvis .   a - +1 flail
rCold   . . .      Faith    .   c - +0 buckler
rNeg    + . .      Spirit   .   b - +0 scale mail
rPois   ∞          Reflect  .   (no helmet)
rElec   +          Harm     .   (no cloak)
rCorr   .          Rampage  .   (no gloves)
Will    .....                   (no boots)
Stlth   ..........              (no amulet)
HPRegen 0.11/turn               (no ring)
MPRegen 0.09/turn               (no ring)

@: corroded
A: sickness immunity, AC +4, negative energy resistance 1, electricity
resistance, torment resistance 1, petrification resistance
a: no special abilities


You were on level 2 of the Dungeon.
You visited 1 branch of the dungeon, and saw 2 of its levels.

You collected 87 gold pieces.

Inventory:

Hand Weapons
 a - a +1 flail (weapon)
 i - a +4 dagger
Armour
 b - a +0 scale mail (worn)
 c - a +0 buckler (worn)
Magical Staves
 p - a staff of fire
Jewellery
 l - a ring of see invisible
Scrolls
 e - a scroll of enchant weapon
 h - a scroll of fog {unknown}
 j - a scroll of amnesia {unknown}
 k - a scroll of identify
 m - a scroll of noise {unknown}
 n - a scroll of blinking {unknown}
 o - a scroll of teleportation {unknown}
 r - a scroll of poison {unknown}
Potions
 d - a potion of might
 f - 2 potions of curing
 g - a potion of flight
 q - a potion of attraction {unknown}


   Skills:
 + Level 3.7 Fighting
 + Level 3.4 Maces & Flails
 + Level 4.0 Armour
 + Level 0.2 Dodging
 + Level 0.4 Stealth
 + Level 4.1 Shields


You had 4 spell levels left.
You didn't know any spells.
Your spell library was empty.

Dungeon Overview and Level Annotations

Branches:
Dungeon (2/15)

Altars:

Shops:
D:1 *


Innate Abilities, Weirdness & Mutations

You are immune to sickness and miasma.
Your stone body is resilient. (AC +4)
You are immune to poison.
You resist negative energy. (rN+)
You are resistant to electric shocks. (rElec)
You are resistant to unholy torment.
You are immune to petrification.


Message History

The endoplasm barely misses you.
You hit the endoplasm.
The endoplasm is moderately wounded.
The endoplasm barely misses you.
You hit the endoplasm.
You kill the endoplasm!
You hit the jelly.
Your hands burn!
The jelly is lightly wounded.
The jelly hits you but does no damage. x2
You hit the jelly.
Your hands burn!
The jelly is lightly wounded.
The jelly hits you but does no damage.
You hit the jelly.
Your hands burn!
The jelly is lightly wounded.
The jelly barely misses you.
You sock the jelly!
Your hands burn!
The jelly is severely wounded.
You block the jelly's attack. The jelly closely misses you.
The endoplasm jiggles.
You hit the jelly.
Your hands burn!
The jelly is almost dead.
The jelly barely misses you. The jelly attacks as you move away!
You block the jelly's attack.
Things that are here:
a +0 dagger; 3 stones; a kobold corpse The jelly attacks as you move away!
The jelly hits you but does no damage.
There is an open door here.
The jelly attacks as you move away! The jelly hits you but does no damage.
As you read the scroll labelled PICSIAXKADD, it crumbles to dust.
It is a scroll of enchant weapon.
Your +0 flail glows red for a moment.
The jelly hits you. The acid corrodes you!
You are splashed with acid.
* * * LOW HITPOINT WARNING * * *
As you read the scroll labelled WEQEAD INLOA, it crumbles to dust.
It is a scroll of identify.
g - a potion of flight The jelly hits you.
* * * LOW HITPOINT WARNING * * *
You are splashed with acid!
You die...

...........# #............#.#
###...####.# ##.......)####.# #
#.....<#.###.....###)# #.# #
#....#....###'''## #)# #.# #
#........####...## #.####.# #
#........###.....###......#
###........##.......#######.#
'.#.#.####.##.[.....##..# #.#
#.#.#.####.##...@...##..#######
#.#'#......##...JJ..##........#
#.....#######....######.####.##
#.....##### #....J.J###.# #.#
#.........# ########.##.# #.#
......###.# ##.J.J).###.# #.#
...#'## #.# #'####### #.####.#
...#.####.##...J.P.P. #......#
..........##.....J.J÷ #####..#


You could see a jelly and 2 endoplasms.

Vanquished Creatures
  A jelly (D:2)
  An adder (D:2)
  2 worms (D:2)
  A dart slug (D:2)
  5 bats
  7 endoplasms
  3 giant cockroaches
  4 goblins
  7 hobgoblins
  5 jackals
  3 quokkas
  3 ball pythons
  2 frilled lizards (D:2)
  17 kobolds
  4 rats
65 creatures vanquished.

Vanquished Creatures (others)
  4 fungi (D:2)
  8 toadstools (D:2)
12 creatures vanquished.

Grand Total: 77 creatures vanquished

Notes
Turn   | Place    | Note
-------+----------+-------------------------------------------
     0 | D:1      | gelatine the Gargoyle Fighter began the quest for the Orb.
     0 | D:1      | Reached XP level 1. HP: 14/14 MP: 1/1
   237 | D:1      | Reached XP level 2. HP: 19/19 MP: 2/2
   693 | D:1      | Reached XP level 3. HP: 23/23 MP: 3/3
   905 | D:1      | Found Bufim's General Store.
  1147 | D:2      | HP: 1/23 [worm (3)]
  1573 | D:2      | Reached XP level 4. HP: 24/28 MP: 4/4
  2508 | D:2      | Reached XP level 5. HP: 27/33 MP: 5/5
  2528 | D:2      | Splashed by a jelly's acid

Illustrated notes

Levels and vault maps discovered:
D:1:      shiori_arrival_oz, layout_basic, serial_shops, shop,
          nrook_mini_backslash, st_stairs_11
D:2:      cheibrodos_fertilizer, layout_basic, minmay_vboxes

Skill      XL: |  1  2  3  4 |
---------------+-------------+-----
Shields        | 4 |  4.1
Maces & Flails | 3 |  3.4
Armour         | 4 |  4.0
Fighting       | |  3.7
Dodging        | |  0.2
Stealth        | |  0.4

Action                   |  1- 3 |  4- 6 || total
-------------------------+-------+-------++-------
Melee: Flail             |   126 |    70 ||   196
  Use: Potion            |     2 |       ||     2
       Scroll            |       |     2 ||     2
Armor: Scale mail        |    91 |    30 ||   121
       Ring mail         |     1 |       ||     1
Dodge: Dodged            |    90 |    28 ||   118
Block: Buckler           |    51 |    12 ||    63

Table legend: (Time is in decaauts)
 A = Elapsed time spent in this place.
 B = Non-inter-level travel time spent in this place.
 C = Inter-level travel time spent in this place.
 D = Time resting spent in this place.
 E = Time spent auto-exploring this place.
 F = Levels seen in this place.
 G = Mean time per level.
                   A        B        C        D        E       F      G
               +--------+--------+--------+--------+--------+-----+--------+
         Total |   2588 |   2580 |      8 |    235 |   1711 |   2 | 1294.0 |
       Dungeon |   2588 |   2580 |      8 |    235 |   1711 |   2 | 1294.0 |
               +--------+--------+--------+--------+--------+-----+--------+

Top non-repeatable levels by time:
     D:2: 1577 daAuts
     D:1: 1011 daAuts
